 Dungeon Crawl Stone Soup version 0.17.2-2-g6415ff710d (webtiles) character file.

2382 tuurum the Basher (level 9, -9/106 HPs)
             Began as a Minotaur Berserker on Apr 17, 2022.
             Was a Priest of Trog.
             Mangled by a hill giant
             ... wielding a +0 giant club
              (23 damage)
             ... on level 6 of the Dungeon.
             The game lasted 00:27:50 (5170 turns).

tuurum the Basher (Minotaur Berserker)              Turns: 5170, Time: 00:27:51

Health: -9/106     AC: 12    Str: 27    XL:     9   Next: 22%
Magic:  8/8        EV: 10    Int:  4    God:    Trog [***...]
Gold:   382        SH:  3    Dex: 13    Spells: 0 memorised, 8 levels left

rFire  . . .     SeeInvis .     d - +2 flail (holy)
rCold  . . .     Clarity  .     e - +0 scale mail
rNeg   . . .     SustAt   .     t - +0 buckler
rPois  .         Gourm    .     (helmet restricted)
rElec  .         Spirit   .     q - +1 cloak
rCorr  .         Warding  .     (no gloves)
rMut   .         Stasis   .     u - +0 pair of boots
MR     ++...                    (no amulet)
Stlth  ..........               (no ring)
                                (no ring)

@: berserking, regenerating, very quick, very resistant to hostile enchantments,
extremely unstealthy
A: retaliatory headbutt, horns 2, yellow scales 1
a: Berserk, Trog's Hand, Burn Spellbooks, Renounce Religion


You were on level 6 of the Dungeon.
You worshipped Trog.
Trog was most pleased with you.
You were not hungry.

You visited 1 branch of the dungeon, and saw 6 of its levels.

You collected 382 gold pieces.

Inventory:

Hand Weapons
 d - a +2 flail of holy wrath (weapon)
 k - a +0 whip of electrocution
Armour
 e - a +0 scale mail (worn)
 l - a +2 robe
 q - a +1 cloak (worn)
 t - a +0 buckler (worn)
 u - a +0 pair of boots (worn)
Jewellery
 p - an uncursed ring of poison resistance {unknown}
Wands
 a - a wand of magic darts (32)
 o - a wand of random effects (25)
 y - a wand of paralysis (14)
 C - a wand of cold (5)
Scrolls
 h - 4 scrolls of enchant armour
 j - 4 scrolls of identify
 n - 2 scrolls of teleportation {unknown}
 r - a scroll of recharging {unknown}
 D - a scroll of blinking
Potions
 b - a potion of magic
 g - a potion of heal wounds {unknown}
 i - a potion of degeneration
 m - a potion of lignification {unknown}
 s - 2 potions of curing {unknown}
 v - 2 potions of poison {unknown}
 w - a potion of berserk rage {unknown}
 z - a potion of cure mutation {unknown}
 A - a potion of agility {unknown}
 B - a potion of mutation {unknown}
Comestibles
 c - 3 bread rations
 f - 2 slices of pizza
 x - a beef jerky


   Skills:
 - Level 4.1 Fighting
   Level 0.8 Long Blades
 + Level 14.1 Maces & Flails
 - Level 2.8 Armour
 - Level 2.5 Dodging
 + Level 0.5 Shields


You had 8 spell levels left.
You didn't know any spells.

Dungeon Overview and Level Annotations

Branches:
Dungeon (6/15)             Temple (0/1) D:6

Altars:
Elyvilon

Shops:
D:5 [


Innate Abilities, Weirdness & Mutations

You reflexively headbutt those who attack you in melee.
You have a pair of horns on your head.
You are partially covered in yellow scales (AC +2).


Message History

You headbutt the hill giant, but do no damage.
The hill giant is heavily wounded.
You sock the hill giant!
You headbutt the hill giant, but do no damage.
The hill giant is severely wounded.
The hill giant hits you with a giant club!!
* * * LOW HITPOINT WARNING * * *
You are too injured to fight recklessly!
Your skin crawls.
You feel resistant to hostile enchantments.
You feel slightly more hungry.
The hill giant hits you with a giant club!
* * * LOW HITPOINT WARNING * * *
A red film seems to cover your vision as you go berserk!
You feel yourself moving faster!
You feel mighty!
You feel quite a bit more hungry.
You sock the hill giant!
The hill giant is almost dead.
The hill giant hits you with a giant club!!
You die...

........##...##.#.#..
......#########.#.#..
####### #...#.. # ##
##..... ... #..#.#
.... #..#.# # ..
..... #..#.#.##.##
......#..#.#......
#....C@........#
#######.#.######
#....# #..### #..##
#...#######
#.........# ..# #.
##..#####.# #.# #.
#<....# #.# #.#.#.


You could see a hill giant.

Vanquished Creatures
  Pikel (D:4)
  Eustachio (D:4)
  The ghost of Maxtimot the Sneak, an amateur KoAs (D:5)
  Sigmund (D:4)
  Edmund (D:4)
  A necrophage (D:3)
  An ogre (D:5)
  An ice beast (D:5)
  A black bear (D:6)
  2 centaurs
  7 scorpions
  An orc priest (D:6)
  2 hounds
  2 centaur skeletons
  2 worker ants
  An iguana (D:6)
  2 orc wizards
  A hound zombie (D:5)
  A worker ant zombie (D:5)
  9 adders
  An adder zombie (D:5)
  A worm (D:5)
  2 giant geckos (D:4)
  4 orcs
  10 bats
  6 giant cockroaches
  8 goblins
  6 hobgoblins
  2 quokkas
  A ball python (D:3)
  A giant cockroach zombie (D:6)
  2 giant newts
  8 kobolds
  A quokka skeleton (D:6)
  9 rats
101 creatures vanquished.

Vanquished Creatures (others)
  2 slaves (D:4)
  A worker ant (D:4)
  An adder (D:4)
  A worm (D:4)
  5 fungi (D:5)
10 creatures vanquished.

Grand Total: 111 creatures vanquished

Notes
Turn   | Place    | Note
--------------------------------------------------------------
     0 | D:1      | tuurum the Minotaur Berserker began the quest for the Orb.
     0 | D:1      | Reached XP level 1. HP: 19/19 MP: 0/0
   353 | D:1      | Reached XP level 2. HP: 25/27 MP: 1/1
   428 | D:1      | Reached skill level 4 in Fighting
   758 | D:1      | Reached XP level 3. HP: 33/33 MP: 2/2
   834 | D:2      | Reached ** piety under Trog
  2053 | D:3      | Reached skill level 5 in Maces & Flails
  2285 | D:3      | Noticed a necrophage
  2295 | D:3      | Killed a necrophage
  2295 | D:3      | Reached skill level 6 in Maces & Flails
  2295 | D:3      | Reached XP level 4. HP: 33/40 MP: 3/3
  2295 | D:3      | Reached XP level 5. HP: 37/46 MP: 4/4
  2488 | D:3      | Gained mutation: You are partially covered in yellow scales (AC +2). [potion of beneficial mutation]
  2545 | D:4      | Noticed a slave
  2546 | D:4      | Noticed a slave
  2547 | D:4      | Noticed Pikel
  2548 | D:4      | Noticed a slave
  2548 | D:4      | Noticed a slave
  2565 | D:4      | Killed Pikel
  2565 | D:4      | Reached skill level 9 in Maces & Flails
  2565 | D:4      | Reached XP level 6. HP: 10/52 MP: 5/5
  2565 | D:4      | Reached XP level 7. HP: 11/59 MP: 6/6
  2588 | D:4      | Killed a freed slave
  2610 | D:4      | Noticed Eustachio
  2627 | D:4      | Killed Eustachio
  2627 | D:4      | Reached skill level 10 in Maces & Flails
  3091 | D:4      | Noticed Sigmund
  3121 | D:4      | Killed Sigmund
  3137 | D:4      | Reached skill level 11 in Maces & Flails
  3137 | D:4      | Reached XP level 8. HP: 19/66 MP: 7/7
  3159 | D:4      | Noticed Edmund
  3168 | D:4      | Killed Edmund
  3690 | D:4      | Killed a freed slave
  3793 | D:5      | Entered Level 5 of the Dungeon
  3793 | D:5      | Noticed Maxtimot's ghost (amateur KoAs)
  3804 | D:5      | Killed Maxtimot's ghost
  3804 | D:5      | Reached skill level 12 in Maces & Flails
  4039 | D:5      | Reached skill level 13 in Maces & Flails
  4089 | D:5      | Reached *** piety under Trog
  4221 | D:5      | Reached XP level 9. HP: 68/71 MP: 8/8
  4254 | D:5      | Found Gadag's Armour Shop.
  4411 | D:5      | Found a sand-covered staircase.
  4777 | D:6      | Reached skill level 14 in Maces & Flails
  4779 | D:6      | Found a white marble altar of Elyvilon.
  4793 | D:6      | Found a staircase to the Ecumenical Temple.
  5157 | D:6      | Noticed a hill giant
  5170 | D:6      | Mangled by a hill giant

Action                   |  1- 3 |  4- 6 |  7- 9 || total
-------------------------+-------+-------+-------++-------
Melee: Mace              |    73 |    23 |    12 ||   108
       Falchion          |       |       |    33 ||    33
       Flail             |       |       |   135 ||   135
       Whip              |       |       |     5 ||     5
Invok: Burn Spellbooks   |     1 |       |     1 ||     2
       Berserk           |       |     1 |     2 ||     3
       Trog's Hand       |       |       |     3 ||     3
  Use: Scroll            |       |    10 |     2 ||    12
       Potion            |       |     4 |       ||     4
  Eat: Chunk             |     2 |       |     1 ||     3
       Bread ration      |     1 |       |     2 ||     3
